 Dungeon Crawl Stone Soup version 0.18-a0-1203-gbde16db (webtiles) character file.

4282 JustSomeDude the Skirmisher (level 10, -2/79 HPs)
             Began as a Demonspawn Monk on Feb 1, 2016.
             Slain by an orc warrior
             ... wielding a +0 glaive
              (16 damage)
             ... on level 9 of the Dungeon.
             The game lasted 00:34:07 (6907 turns).

JustSomeDude the Skirmisher (Demonspawn Monk)       Turns: 6907, Time: 00:34:07

Health: -2/79      AC: 12    Str: 15    XL:     10   Next: 10%
Magic:  10/10      EV: 11    Int: 17    God:
Gold:   521        SH:  0    Dex: 18    Spells: 0 memorised, 9 levels left

rFire  . . .     SeeInvis .     C - -2 spear (curse)
rCold  . . .     Gourm    .     e - +0 scale mail
rNeg   . . .     Faith    .     (no shield)
rPois  .         Spirit   .     (helmet restricted)
rElec  .         Dismiss  .     g - +1 cloak
rCorr  .         Reflect  .     f - +2 pair of gloves
SustAt .         Harm     .     (no boots)
MR     .....     Rnd*Tele +     u - amulet of regeneration
Stlth  ..........               v - ring of teleportation (curse)
                                i - +6 ring of intelligence

@: very heavily drained, not resistant to hostile enchantments, extremely
unstealthy
A: hooves 1, horns 1, agile 1, powered by death 2, shaggy fur 1
a: no special abilities


You were on level 9 of the Dungeon.
You were hungry.

You visited 1 branch of the dungeon, and saw 9 of its levels.

You collected 521 gold pieces.

Inventory:

Hand Weapons
 n - the +7 short sword "Nevuw" {freeze, rC+}
   (You found it on level 8 of the Dungeon)

   It has been specially enchanted to freeze those struck by it, causing extra
   injury to most foes and up to half again as much damage against particularly
   susceptible opponents.
   It can also slow down cold-blooded creatures.
   It protects you from cold.
 C - a cursed -2 spear (weapon)
Missiles
 s - 5 javelins (quivered)
Armour
 e - a +0 scale mail (worn)
 f - a +2 pair of gloves (worn)
 g - a +1 cloak (worn)
 A - a +0 chain mail
 E - a +1 cloak
Jewellery
 i - a +6 ring of intelligence (left hand)
 u - an amulet of regeneration (around neck)
 v - a cursed ring of teleportation (right hand)
Wands
 j - a wand of draining (5/15)
 l - a wand of digging (6/24)
 o - a wand of draining (5/15)
 r - a wand of slowing (48/48)
 t - a wand of flame (18/48)
Scrolls
 a - 4 scrolls of identify
 m - 3 scrolls of teleportation
 q - a scroll of recharging
 x - a scroll of fear
 z - a scroll of magic mapping {unknown}
 F - a scroll of enchant armour
Potions
 c - 2 potions of cancellation
Books
 w - a book of Power

   Spells                             Type                      Level
   a - Fulminant Prism                Conjuration/Hexes            4
   b - Iskenderun's Mystic Blast      Conjuration                  4
   c - Venom Bolt                     Conjuration/Poison           5
   d - Bolt of Magma                  Conjuration/Fire/Earth       5
   e - Iron Shot                      Conjuration/Earth            6
   f - Orb of Destruction             Conjuration                  7
   g - Spellforged Servitor           Conjuration/Summoning        7
 y - a book of Callings

   Spells                             Type                      Level
   a - Summon Small Mammal            Summoning                    1
   b - Call Imp                       Summoning                    2
   c - Call Canine Familiar           Summoning                    3
   d - Summon Guardian Golem          Hexes/Summoning              3
   e - Summon Lightning Spire         Summoning/Air                4
   f - Summon Ice Beast               Ice/Summoning                4
Comestibles
 b - 12 bread rations
 d - 2 meat rations
 h - 2 fruits
 p - 4 beef jerkies


   Skills:
 + Level 7.5(3.4) Fighting
 + Level 0.6(0.0) Short Blades
 + Level 6.1(2.0) Polearms
 + Level 6.2(2.2) Armour
 + Level 7.3(3.2) Dodging
 + Level 3.0(0.0) Stealth
 + Level 4.6(0.8) Unarmed Combat


You had 9 spell levels left.
You didn't know any spells.

Dungeon Overview and Level Annotations

Branches:
Dungeon (9/15)             Temple (0/1) D:7
   Lair: D:8-11         Orc: D:9-12

Altars:
Ashenzari
Cheibriados
Fedhas
Gozag
Makhleb
Okawaru
Pakellas
Qazlal
Ru
Trog
Vehumet
Xom
Yredelemnul
The Shining One

Shops:
D:6 :   D:9 (

Annotations:
D:7 exclusion: oklob sapling


Innate Abilities, Weirdness & Mutations

You have large cloven feet.
You regenerate health from kills.
You have a pair of small horns on your head.
You are agile. (Dex +2)
You are covered in fur (AC +1).


Message History

You closely miss the orc warrior.
The orc warrior is moderately wounded.
The orc warrior misses you.
You hit the orc warrior.
You kick the orc warrior, but do no damage.
Your headbutt misses the orc warrior.
The orc warrior is heavily wounded.
You hit the orc warrior but do no damage.
The orc warrior is heavily wounded.
The orc warrior hits you with a glaive!
* * * LOW HITPOINT WARNING * * *
You hit the orc warrior but do no damage.
The orc warrior is heavily wounded.
The orc warrior barely misses you.
You closely miss the orc warrior.
You kick the orc warrior, but do no damage.
You headbutt the orc warrior, but do no damage.
The orc warrior is heavily wounded.
The orc warrior hits you with a glaive!
You die... oo...

#.#....###
...#.###'#....#
#........# #
###........# ##
##.#........# .#
#..##......o# .#
#...#.....zo# .#
#...#.#####o# .#
#...#.#...#@#
.#####...#.#...#.#
.........#.'...#.#
######...#.#####(#
#...#.....(.#
#...#.......######
#...#............#
#.###......(.....#
######.#<.............#


You could see an orc warrior, a wight and 2 orcs.

Vanquished Creatures
  Pikel (D:7)
  A hill giant (D:7)
  A troll (D:9)
  A spriggan (D:7)
  2 water moccasins
  4 slaves (D:7)
  An orc warrior (D:6)
  2 phantoms
  2 ice beasts (D:5)
  2 black bears
  6 centaurs
  A big kobold (D:7)
  3 giant frogs
  A water moccasin skeleton (D:7)
  A scorpion (D:9)
  A wyvern skeleton (D:6)
  2 wights (D:9)
  A crimson imp (D:9)
  A quasit (D:5)
  A centaur zombie (D:5)
  4 hounds
  2 jellies
  5 orc priests
  2 giant frog skeletons
  Terence (D:2)
  A centaur skeleton (D:4)
  An iguana (D:6)
  Natasha (D:3)
  6 orc wizards
  6 worker ants
  2 hound skeletons
  A worker ant zombie (D:6)
  Robin (D:2)
  7 gnolls
  3 adders
  2 shadow imps
  2 oozes (D:4)
  A worm (D:4)
  6 giant geckos
  34 orcs
  11 giant cockroaches
  14 goblins
  9 hobgoblins
  17 jackals
  10 kobolds
  8 quokkas
  6 bats
  A giant gecko skeleton (D:6)
  2 giant gecko zombies
  4 giant newts
  2 jackal skeletons
  A jackal zombie (D:5)
  2 quokka zombies
  11 rats
221 creatures vanquished.

Vanquished Creatures (others)
  An orc wizard (D:5)
  A giant gecko (D:7)
  4 orcs (D:7)
6 creatures vanquished.

Grand Total: 227 creatures vanquished

Notes
Turn   | Place    | Note
--------------------------------------------------------------
     0 | D:1      | JustSomeDude the Demonspawn Monk began the quest for the Orb.
     0 | D:1      | Reached XP level 1. HP: 18/18 MP: 1/1
   106 | D:1      | Gained mutation: You regenerate a little health from kills. [demonic ancestry]
   106 | D:1      | Reached XP level 2. HP: 14/24 MP: 2/2
   358 | D:1      | Reached skill level 4 in Unarmed Combat
   646 | D:1      | Reached XP level 3. HP: 29/29 MP: 3/3
   743 | D:2      | Noticed Terence
   812 | D:2      | Killed Terence
   955 | D:2      | Reached XP level 4. HP: 33/35 MP: 4/4
  1038 | D:2      | Found a snail-covered altar of Cheibriados.
  1044 | D:2      | Reached skill level 1 in Armour
  1079 | D:2      | Noticed Robin
  1121 | D:2      | Killed Robin
  1185 | D:3      | Found a bloodstained altar of Trog.
  1525 | D:3      | Found an oddly glowing altar of Pakellas.
  1569 | D:3      | Gained mutation: You have large cloven feet. [demonic ancestry]
  1569 | D:3      | Reached XP level 5. HP: 34/42 MP: 5/5
  1611 | D:3      | Found an iron altar of Okawaru.
  1611 | D:3      | Noticed Natasha
  1650 | D:3      | Killed Natasha
  2292 | D:4      | You fall through a shaft!
  2292 | D:5      | Entered Level 5 of the Dungeon
  2300 | D:5      | Found a basalt altar of Yredelemnul.
  2303 | D:5      | Found a glowing golden altar of the Shining One.
  2305 | D:5      | Noticed an angel
  2323 | D:5      | Noticed a profane servitor
  2350 | D:5      | Reached XP level 6. HP: 33/48 MP: 6/6
  2513 | D:5      | Gained mutation: You are agile. (Dex +2) [potion of mutation]
  2513 | D:5      | Gained mutation: You are covered in fur (AC +1). [potion of mutation]
  2513 | D:5      | Gained mutation: You have a pair of small horns on your head. [potion of mutation]
  2590 | D:5      | Noticed a water moccasin
  2612 | D:5      | Killed a water moccasin
  2612 | D:5      | Gained mutation: You regenerate health from kills. [demonic ancestry]
  2612 | D:5      | Reached XP level 7. HP: 13/55 MP: 7/7
  2731 | D:5      | Reached skill level 1 in Polearms
  2844 | D:5      | Reached skill level 5 in Fighting
  2903 | D:5      | Reached skill level 5 in Dodging
  3018 | D:6      | Found an opulent altar of Gozag.
  3020 | D:6      | Found a blossoming altar of Fedhas.
  3021 | D:6      | Found a sacrificial altar of Ru.
  3123 | D:6      | Reached XP level 8. HP: 63/63 MP: 8/8
  3196 | D:6      | Found Inneamuc's Book Emporium.
  3304 | D:6      | Reached skill level 6 in Fighting
  3318 | D:6      | Found a shimmering altar of Xom.
  3557 | D:7      | Noticed Pikel
  3627 | D:7      | Noticed a hill giant
  3854 | D:4      | Found a stormy altar of Qazlal.
  3876 | D:4      | Found a bloodstained altar of Trog.
  3907 | D:4      | Found a radiant altar of Vehumet.
  4286 | D:7      | Killed Pikel
  4286 | D:7      | Reached XP level 9. HP: 50/71 MP: 9/9
  4411 | D:7      | Reached skill level 5 in Armour
  4424 | D:7      | Found a staircase to the Ecumenical Temple.
  4666 | D:7      | Reached skill level 5 in Polearms
  4718 | D:7      | Found a shattered altar of Ashenzari.
  4866 | D:7      | Killed a hill giant
  4866 | D:7      | Reached skill level 7 in Fighting
  5423 | D:8      | Got an iridescent short sword
  5424 | D:8      | Identified the +7 short sword "Nevuw" {freeze, rC+} (You found it on level 8 of the Dungeon)
  6049 | D:9      | Noticed a troll
  6059 | D:9      | Killed a troll
  6059 | D:9      | Reached XP level 10. HP: 41/79 MP: 10/10
  6304 | D:9      | Found Hixumini's Weapon Shoppe.
  6466 | D:9      | Found a burning altar of Makhleb.
  6539 | D:9      | HP: 1/79 [wight/scimitar of freezing (6)]
  6907 | D:9      | Slain by an orc warrior

Vault maps used:
D:1:      onia_arrival_larder, minivault_27, minmay_misc_feat_columns
D:2:      cheibriados_altar_wand_db, lemuel_coloured_pillars_altar, uniq_robin,
          uniq_terence
D:3:      overflow_temple_1_default, old_standard_altar, minivault_24,
          trog_three_pillars_becter, uniq_natasha
D:4:      marbit_many_paths, grunt_temple_overflow_open, first_bread
D:5:      grunt_temple_overflow_holy_war
D:6:      gammafunk_temple_overflow_forgotten, serial_shops, shop, basic_altar
D:7:      lemuel_doored_altar, minmay_temple_entry_oklob, the_bakery, uniq_pikel
D:9:      kennysheep_little_box, hiddenorc1_lemuel, serial_shops, shop_statue

Action                   |  1- 3 |  4- 6 |  7- 9 | 10-12 || total
-------------------------+-------+-------+-------+-------++-------
Melee: Unarmed           |   142 |   222 |       |       ||   364
       Halberd           |       |   146 |   436 |       ||   582
       Short sword       |       |       |    52 |     5 ||    57
       Spear             |       |       |       |   167 ||   167
Throw: Javelin           |       |       |       |     6 ||     6
  Use: Scroll            |     4 |     9 |     3 |     3 ||    19
       Potion            |       |     7 |     3 |     2 ||    12
 Stab: Sleeping          |     5 |       |       |       ||     5
       Distracted        |     1 |       |     2 |       ||     3
       Invisible         |       |     2 |       |       ||     2
  Eat: Chunk             |       |     6 |     6 |       ||    12
       Pizza             |       |       |     1 |       ||     1
       Meat ration       |       |       |     1 |       ||     1
       Fruit             |       |       |     1 |       ||     1
       Royal jelly       |       |       |       |     1 ||     1
